 Dungeon Crawl Stone Soup version 0.28-a0-1560-g060a6a1bfc (webtiles) character file.

Game seed: 4539625311700511217

20 BritishOli the Slasher (level 2, 0/23 HPs)
             Began as a Demonspawn Gladiator on Jan 19, 2022.
             Slain by a quokka (2 damage)
             ... on level 1 of the Dungeon.
             The game lasted 00:00:20 (519 turns).

BritishOli the Slasher (Demonspawn Gladiator)        Turns: 519, Time: 00:00:21

Health: 0/23       AC:  4    Str: 14    XL:     2   Next: 58%
Magic:  2/2        EV: 12    Int:  9    God:
Gold:   14         SH:  4    Dex: 14    Spells: 1/1 levels left

rFire   . . .      SeeInvis .   a - +0 long sword
rCold   . . .      Faith    .   (no shield)
rNeg    . . .      Spirit   .   b - +0 leather armour
rPois   .          Reflect  .   c - +0 helmet
rElec   .          Harm     .   (no cloak)
rCorr   .          Rampage  .   (no gloves)
Will    .....                   (no boots)
Stlth   +.........              (no amulet)
HPRegen 0.07/turn               (no ring)
MPRegen 0.08/turn               (no ring)

@: no status effects
A: large bone plates 1
a: no special abilities


You were on level 1 of the Dungeon.
You visited 1 branch of the dungeon, and saw 1 of its levels.

You collected 14 gold pieces.

Inventory:

Hand Weapons
 a - a +0 long sword (weapon)
Missiles
 d - 3 throwing nets (quivered)
Armour
 b - a +0 leather armour (worn)
 c - a +0 helmet (worn)
Scrolls
 e - a scroll of fear {unknown}
 f - a scroll of teleportation {unknown}
Potions
 g - 2 potions of magic {unknown}


   Skills:
 + Level 2.3 Fighting
 * Level 3.0 Long Blades
 - Level 2.0 Throwing
 + Level 2.9 Dodging


You had one spell level left.
You didn't know any spells.
Your spell library was empty.

Dungeon Overview and Level Annotations

Branches:
Dungeon (1/15)

Altars:


Innate Abilities, Weirdness & Mutations

You are partially covered in large bone plates. (SH +4)


Message History

You see here a dart slug corpse.
There are monsters nearby!
You block the quokka's attack. The dart slug launches a dart at you.
The slug dart hits you. The quokka bites you.
There are monsters nearby!
You barely miss the dart slug. You block the quokka's attack.
The dart slug bites you but does no damage.
There are monsters nearby!
You slash the dart slug!
The dart slug is almost dead.
You block the quokka's attack. The quokka bites you.
The dart slug closely misses you.
There are monsters nearby!
There are monsters nearby!
You hit the dart slug.
You kill the dart slug!
The quokka bites you but does no damage. x2
The quokka bites you.
Your Long Blades skill increases to level 3!
There are monsters nearby!
You closely miss the quokka. The quokka misses you. The quokka bites you. x2
* * * LOW HITPOINT WARNING * * *
There are monsters nearby!
You are too injured to fight recklessly!
There are monsters nearby!
You are too injured to fight recklessly!
There are monsters nearby!
You are too injured to fight recklessly!
There are monsters nearby!
You are too injured to fight recklessly!
There are monsters nearby!
There are monsters nearby!
You are too injured to fight recklessly!
You closely miss the quokka. The quokka barely misses you.
The quokka bites you.
* * * LOW HITPOINT WARNING * * *
The quokka barely misses you.
You closely miss the quokka. The quokka bites you.
You die...

#..... .. .# #.....
.##.# #.....
..#.###########.#.
................†. #...
#######.####. #..### #.#
#. #.# #rr..# #(# #.
.....#@##.#######.####.
..$.....†...............
##.####.##.###...#.####.
...##.# #...#.# #.
######.# ### #.# ## #.#
#.# #.# #####.# #.#
#.....# #.# #.#####


You could see 2 quokkas.

Vanquished Creatures
  2 dart slugs (D:1)
  3 ball pythons (D:1)
  A bat (D:1)
  An endoplasm (D:1)
  2 goblins (D:1)
  3 quokkas (D:1)
  3 rats (D:1)
15 creatures vanquished.

Notes
Turn   | Place    | Note
-------+----------+-------------------------------------------
     0 | D:1      | BritishOli the Demonspawn Gladiator began the quest for the
                  | Orb.
     0 | D:1      | Reached XP level 1. HP: 16/16 MP: 1/1
   220 | D:1      | Gained mutation: You are partially covered in large bone
                  | plates. (SH +4) [demonic ancestry]
   220 | D:1      | Reached XP level 2. HP: 22/22 MP: 2/2
   517 | D:1      | Reached skill level 3 in Long Blades
   519 | D:1      | Slain by a quokka

Illustrated notes

Levels and vault maps discovered:
D:1:      psy_arrival_conway, layout_basic, st_stairs_3

Skill      XL: |  1  2 |
---------------+-------+-----
Throwing       | 2 |  2.0
Long Blades    | 3 |  3.0
Fighting       | |  2.3
Dodging        | |  2.9

Action                   || total
-------------------------++-------
Melee: Long sword        ||    41
Armor: Leather armour    ||     8
Dodge: Dodged            ||    29
Block: Other             ||     6

Table legend: (Time is in decaauts)
 A = Elapsed time spent in this place.
 B = Non-inter-level travel time spent in this place.
 C = Inter-level travel time spent in this place.
 D = Time resting spent in this place.
 E = Time spent auto-exploring this place.
 F = Levels seen in this place.
 G = Mean time per level.
                   A        B        C        D        E       F      G
               +--------+--------+--------+--------+--------+-----+--------+
         Total |    533 |    533 |      0 |      0 |    441 |   1 |  533.0 |
       Dungeon |    533 |    533 |      0 |      0 |    441 |   1 |  533.0 |
               +--------+--------+--------+--------+--------+-----+--------+

Top non-repeatable levels by time:
     D:1: 533 daAuts
